Unix NetHack Version 5.0.0-0 post-release - last build Jul 19 2026 19:10:59 (3aa4ab31751d3886436d94b585a96704892fd477,branch:main).

Game began 2026-07-22 02:23:02, ended 2026-07-22 02:31:16.

Jinnora, neutral female human Wizard

                                                                 ----
                                                                 ...|
                                                                 ...|
                                                             ----...
                                                             -.....
                                                             |....
                                                             |....
                                                             |...-
                                                             ....|       ----
                                                             |.@.|       |$.|
                                                             -----       |..|
                                                                         ----

Jinnora the Conjurer      St:12 Dx:18 Co:11 In:18 Wi:10 Ch:9  Neutral
Dlvl:4  $:0  HP:0(23) Pw:16(26) AC:9  Xp:4/154 T:1376  Blind Deaf

Latest messages:
 You kill the grid bug!
 You descend the stairs.
 Where do you want to travel to?
 (For instructions type a '?')
 You descend the stairs.
 A trap door opens up under you!
 You see here 295 gold pieces.
 You see here 521 gold pieces.
 You see here 411 gold pieces.
 You see here 387 gold pieces.
 You see here 295 gold pieces.
 $ - 295 gold pieces (316 in total).
 You see here 387 gold pieces.
 $ - 387 gold pieces (703 in total).
 You see here 411 gold pieces.
 $ - 411 gold pieces (1114 in total).
 You see here 521 gold pieces.
 Suddenly one of the Vault's guards enters!
 "Hello stranger, who are you?" - Jinnora
 "I don't know you."
 "Most likely all your gold was stolen from this vault."
 "Please drop that gold and follow me."
 What do you want to drop? [$a-svzEHI or ?*] $
 You drop 1114 gold pieces.
 You stop.  The guard doesn't want to swap places.
 Suddenly, the guard disappears.
 You are momentarily blinded by a flash of light!
 You hear a deafening roar!
 You feel an unseen monster!
 It bites!
 In what direction? 7
 The spell hits it!
 It bites!
 In what direction? 7
 The spell hits it!
 You kill it!
 It bites!
 You are put to sleep!
 It bites!
 It bites!
 It bites!
 It bites!
 It hits!
 It bites!
 It hits!
 It bites!
 It bites!
 It hits!
 You die...
 Do you want your possessions identified? [ynq] (y) q

Inventory:
 Weapons  (')')
  a - a blessed +1 quarterstaff (weapon in hands)
 Armor    ('[')
  b - an uncursed +0 cloak of magic resistance (being worn)
 Comestibles  ('%')
  p - 3 uncursed food rations
  H - an uncursed lichen corpse
 Scrolls  ('?')
  j - an uncursed scroll of destroy armor
  v - an uncursed scroll of enchant weapon
  i - an uncursed scroll of identify
  k - 2 uncursed scrolls of light
  q - an uncursed scroll of scare monster
 Spellbooks  ('+')
  l - a blessed spellbook of force bolt
  m - an uncursed spellbook of slow monster
 Potions  ('!')
  h - an uncursed potion of blindness
  r - a cursed potion of healing
  I - a blessed potion of invisibility
  f - an uncursed potion of invisibility
  s - an uncursed potion of monster detection
  o - an uncursed potion of sickness
  g - 2 potions of holy water
 Rings    ('=')
  d - an uncursed ring of cold resistance
  e - an uncursed ring of stealth
 Wands    ('/')
  c - an uncursed wand of create monster (0:0)
 Tools    ('(')
  n - an uncursed magic marker (0:22)
 Gems/Stones  ('*')
  E - an uncursed worthless piece of orange glass
  z - 3 uncursed flint stones

Jinnora the Wizard's attributes:

Background:
 You were a Conjurer, a level 4 female human Wizard.
 You were neutral, on a mission for Thoth
 who was opposed by Ptah (lawful) and Anhur (chaotic).
 You were right-handed.
 You were in the Dungeons of Doom, on level 4.
 You entered the dungeon 1376 turns ago.
 It was nighttime.
 You had 154 experience points, 6 more were needed to attain level 5.

Basics:
 You had 0 out of 23 hit points.
 You had 16 out of 26 energy points (spell power).
 Your armor class was 9.
 Your wallet was empty.
 Autopickup was off.

Final Characteristics:
 Your strength was 12 (limit:18/100).
 Your dexterity was 18 (limit:18).
 Your constitution was 11 (limit:18).
 Your intelligence was 18 (limit:18).
 Your wisdom was 10 (limit:18).
 Your charisma was 9 (limit:18).

Final Status:
 You were temporarily blind.
 You were deaf.
 You weren't hungry.
 You were unencumbered.
 You were wielding a quarterstaff.
 You had basic skill with quarterstaff.

Final Attributes:
 You were devoutly aligned.
 You were magic-protected.
 You were warded.
 You are dead.

Miscellaneous:
 You didn't encounter any bones levels.
 Total elapsed playing time was 8 minutes and 13 seconds.

Major events:
 Turn
    1: Jinnora the neutral female human Wizard entered the dungeon
  390: attained the rank of Conjurer (level 3)
  948: entered the Gnomish Mines
 1376: killed by a kobold zombie, while sleeping

Spells:
 Name                 Level Category     Fail Retention
 force bolt             1   attack         0%  91%-100%
 slow monster           2   enchantment    0%  91%-100%

Skills:
 Fighting Skills
   bare handed combat [Unskilled]
   riding             [Unskilled]
 Weapon Skills
   dagger             [Unskilled]
   knife              [Unskilled]
   axe                [Unskilled]
   short sword        [Unskilled]
   club               [Unskilled]
   mace               [Unskilled]
   quarterstaff       [Basic]
   polearms           [Unskilled]
   spear              [Unskilled]
   trident            [Unskilled]
   sling              [Unskilled]
   dart               [Unskilled]
   shuriken           [Unskilled]
 Spellcasting Skills
   attack spells      [Basic]
   healing spells     [Unskilled]
   divination spells  [Unskilled]
   enchantment spells [Basic]
   clerical spells    [Unskilled]
   escape spells      [Unskilled]
   matter spells      [Unskilled]

Voluntary challenges:
 Character rerolling was not enabled.
 You were illiterate.
 You never genocided any monsters.
 You never polymorphed an object.
 You never changed form.
 You used no wishes.
Achievements:
 You attained the rank of Conjurer.
 You entered the Gnomish Mines.

 The Dungeons of Doom: levels 1 to 4
    Level 1:
       An altar to Thoth.
    Level 2:
       A fountain.
       Stairs down to The Gnomish Mines.
    Level 3:
       A fountain.
    Level 4: <- You were here.
       Final resting place for
          you, killed by a kobold zombie, while sleeping.
 The Gnomish Mines:
    Level 3:


Vanquished creatures:
  a gnome leader
  a straw golem
  a floating eye
  a kitten
  a dwarf
  2 orc zombies
  2 coyotes
  a gas spore
  2 hobbits
  3 giant rats
  a cave spider
  2 geckos
  5 jackals
  2 foxes
  2 kobolds
  a goblin
  7 grid bugs
  2 bats
  3 lichens
  a kobold zombie
  7 newts
48 creatures vanquished.

No species were genocided or became extinct.

Game over:
                       ----------
                      /          \
                     /    REST    \
                    /      IN      \
                   /     PEACE      \
                  /                  \
                  |     Jinnora      |
                  |       0 Au       |
                  |   killed by a    |
                  |  kobold zombie   |
                  |                  |
                  |                  |
                  |       2026       |
                 *|     *  *  *      | *
        _________)/\\_//(\/(/\)/\//\/|_)_______

Goodbye Jinnora the Wizard...

You died in The Dungeons of Doom on dungeon level 4 with 766 points,
and 0 pieces of gold, after 1376 moves.
You were level 4 with a maximum of 23 hit points when you died.

